 Dungeon Crawl Stone Soup version 0.18.1-51-gd549091e01 (webtiles) character file.

2391 magog001 the Ducker (level 9, -1/78 HPs)
             Began as a Purple Draconian Fighter on Feb 14, 2022.
             Was a Follower of Nemelex Xobeh.
             Slain by an ogre
             ... wielding a +0 giant spiked club
              (26 damage)
             ... on level 6 of the Dungeon on Feb 15, 2022.
             The game lasted 00:36:20 (5613 turns).

magog001 the Ducker (Purple Draconian Fighter)      Turns: 5613, Time: 00:36:21

Health: -1/78      AC:  7    Str: 26    XL:     9   Next: 22%
Magic:  10/10      EV: 20    Int: 10    God:    Nemelex Xobeh [*.....]
Gold:   219        SH: 14    Dex: 15    Spells: 0 memorised, 8 levels left

rFire  . . .     SeeInvis .     a - +0 war axe
rCold  . . .     Gourm    .     (armour unavailable)
rNeg   . . .     Faith    .     b - +3 shield
rPois  .         Spirit   .     (helmet restricted)
rElec  .         Dismiss  .     (no cloak)
rCorr  .         Reflect  .     (no gloves)
SustAt .         Harm     .     (no boots)
MR     ++...                    z - amulet of rage
Stlth  +++.......               (no ring)
                                g - ring of protection from magic

@: mighty, agile, very resistant to hostile enchantments, fairly stealthy
A: breathe power, unfitting armour, cold-blooded, AC +7
a: Breathe Dispelling Energy, Renounce Religion, Evoke Berserk Rage


You were on level 6 of the Dungeon.
You worshipped Nemelex Xobeh.
Nemelex Xobeh was aware of your devotion.
You were not hungry.

You visited 2 branches of the dungeon, and saw 7 of its levels.

You collected 219 gold pieces.

Inventory:

Hand Weapons
 a - a +0 war axe (weapon)
 k - a +0 hunting sling
Missiles
 f - 158 stones
 o - 7 silver tomahawks (quivered)
 w - 71 sling bullets
Armour
 b - a +3 shield (worn)
Jewellery
 g - a ring of protection from magic (left hand)
 z - an amulet of rage (around neck)
Wands
 t - a wand of disintegration (4/24)
Scrolls
 j - 2 scrolls of recharging
 r - a scroll of teleportation
 u - 5 scrolls of remove curse
Potions
 c - 4 potions of agility
 i - a potion of haste
 m - 2 potions of brilliance
 n - a potion of cure mutation {unknown}
 p - 2 potions of cancellation
 q - a potion of invisibility {unknown}
 B - 3 potions of curing
Miscellaneous
 y - a plain deck of war {drawn: 7}
Comestibles
 d - 4 bread rations
 h - 2 beef jerkies
 s - 15 fruits


   Skills:
 * Level 6.4 Fighting
 * Level 5.8 Axes
 + Level 0.3 Throwing
 * Level 7.3 Dodging
 + Level 1.6 Stealth
 * Level 6.7 Shields
 + Level 1.5 Evocations


You had 8 spell levels left.
You didn't know any spells.

Dungeon Overview and Level Annotations

Branches:
Dungeon (6/15)             Temple (1/1) D:4

Altars:
Ashenzari
Cheibriados
Kikubaaqudgha
Nemelex Xobeh
Pakellas
Trog
The Shining One


Innate Abilities, Weirdness & Mutations

You can breathe bolts of dispelling energy.
Your rich purple scales are hard (AC +7).
Your body does not fit into most forms of armour.
You are cold-blooded and may be slowed by cold attacks.


Message History

You barely miss the sky beast.
The sky beast is heavily wounded.
The sky beast completely misses you. The sky beast barely misses you.
You barely miss the sky beast.
The sky beast is heavily wounded.
The sky beast flickers out of sight!
Deactivating autopickup; reactivate with Ctrl-A.
Something misses you.
You slash something!
Reactivating autopickup.
You feel a bit more experienced.
Items here: ( )) †† a giant spiked club; a shortbow; 14 arrows; a sky beast corpse; an ogre corpse You see here 2 arrows.
The ogre shouts!
You block the ogre's attack.
You barely miss the ogre.
The ogre hits you with a giant spiked club!!
You die...
Your body disappears without a glow.

####.####...........#
####...##.#...#'#####
...#.#.##.#.#.#.###
##.#.#.##.#.#.....#
+.>....##.#.###.#(# #
##.#.####.....#.#.# #.#
...#......#.#.#.#)# ..
####.####+#...#.#(##.####
#.# .#...O@........ #.#
.....#.#.#...#.# #.+
.........#...# ######
..##.#.#.....# ...
.......#...# ###
###.#...#.#.# #.#.#.# #.#
# #.#.# #.#.#


You could see an ogre.

Vanquished Creatures
  The ghost of OdinelGallardo the Slasher, a novice FoFi (D:5)
  Sigmund (D:3)
  A sky beast (D:6)
  A phantom (D:5)
  3 ogres
  The ghost of OdinelGallardo the Skirmisher, an amateur FoFi of Makhleb (D:3)
  5 centaurs
  A gnoll sergeant (D:6)
  2 scorpions (D:5)
  A jelly (D:6)
  A howler monkey (D:6)
  A crimson imp (D:5)
  A centaur zombie (D:5)
  3 orc priests
  3 hounds
  3 orc wizards (D:6)
  A centaur skeleton (D:4)
  An iron imp (D:5)
  2 worker ants (D:5)
  Natasha (twice) (D:3)
  3 gnolls (D:6)
  A howler monkey skeleton (D:4)
  5 adders
  2 oozes
  2 adder skeletons (D:4)
  2 dart slugs (D:1)
  A giant gecko (D:2)
  9 orcs
  5 giant cockroaches
  12 goblins
  7 hobgoblins
  12 jackals
  9 kobolds
  3 quokkas
  8 bats
  3 giant newts
  A jackal zombie (D:6)
  9 rats
129 creatures vanquished.

Notes
Turn   | Place    | Note
--------------------------------------------------------------
     0 | D:1      | magog001 the Draconian Fighter began the quest for the Orb.
     0 | D:1      | Reached XP level 1. HP: 19/19 MP: 1/1
    91 | D:1      | Reached XP level 2. HP: 26/26 MP: 2/2
   123 | D:1      | Reached skill level 3 in Dodging
   395 | D:1      | Reached XP level 3. HP: 15/33 MP: 3/3
  1245 | D:2      | Found an ancient bone altar of Kikubaaqudgha.
  1247 | D:2      | Reached XP level 4. HP: 40/40 MP: 4/4
  1274 | D:2      | Found a glowing golden altar of the Shining One.
  1482 | D:2      | Found a bloodstained altar of Trog.
  1768 | D:3      | Reached XP level 5. HP: 10/46 MP: 5/5
  2086 | D:3      | Noticed Natasha
  2093 | D:3      | Killed Natasha
  2101 | D:3      | Noticed OdinelGallardo's ghost (amateur FoFi)
  2120 | D:3      | Killed OdinelGallardo's ghost
  2120 | D:3      | Reached skill level 4 in Dodging
  2120 | D:3      | Reached XP level 6. HP: 18/53 MP: 6/6
  2364 | D:3      | Noticed Sigmund
  2366 | D:3      | Killed Sigmund
  2636 | D:3      | Noticed Natasha
  2644 | D:3      | Killed Natasha
  2814 | D:4      | Reached skill level 5 in Fighting
  2841 | D:4      | Found an oddly glowing altar of Pakellas.
  3081 | D:4      | Found a staircase to the Ecumenical Temple.
  3152 | Temple   | Entered the Ecumenical Temple
  3163 | Temple   | Became a worshipper of Nemelex Xobeh the Trickster
  3225 | D:4      | Your scales start taking on a rich purple colour.
  3225 | D:4      | Reached XP level 7. HP: 61/61 MP: 7/7
  3271 | D:4      | Received a gift from Nemelex Xobeh
  3585 | D:5      | Entered Level 5 of the Dungeon
  3639 | D:5      | Reached skill level 5 in Dodging
  3831 | D:5      | Noticed OdinelGallardo's ghost (novice FoFi)
  3857 | D:5      | Killed OdinelGallardo's ghost
  3857 | D:5      | Reached skill level 1 in Stealth
  3857 | D:5      | Reached skill level 5 in Shields
  3857 | D:5      | Reached XP level 8. HP: 41/69 MP: 8/8
  4020 | D:5      | Found a shattered altar of Ashenzari.
  4132 | D:5      | Reached skill level 6 in Dodging
  4188 | D:5      | Reached skill level 5 in Axes
  4255 | D:5      | Reached skill level 1 in Evocations
  4827 | D:5      | Found a snail-covered altar of Cheibriados.
  5199 | D:6      | Reached * piety under Nemelex Xobeh
  5231 | D:6      | Reached XP level 9. HP: 75/75 MP: 9/9
  5252 | D:6      | Reached skill level 7 in Dodging
  5613 | D:6      | Slain by an ogre

Skill      XL: |  1  2  3  4  5  6  7  8  9 |
---------------+----------------------------+-----
Dodging        | 3 4 5 6 7 |  7.3
Fighting       | 4 5 6 |  6.4
Shields        | 4 5 6 |  6.7
Axes           | 3 4 5 |  5.8
Stealth        | 1 |  1.6
Evocations     | 1 |  1.5
Throwing       | |  0.3

Action                   |  1- 3 |  4- 6 |  7- 9 || total
-------------------------+-------+-------+-------++-------
Melee: War axe           |   136 |   146 |   186 ||   468
       Tailslap          |    10 |    20 |    30 ||    60
Throw: Tomahawk          |       |       |     4 ||     4
 Abil: Breathe Dispellin |       |       |     2 ||     2
Evoke: Wand              |       |    13 |     9 ||    22
       Deck              |       |       |     7 ||     7
  Use: Potion            |     1 |     2 |     5 ||     8
       Scroll            |       |     8 |     4 ||    12
 Stab: Distracted        |       |     1 |       ||     1
  Eat: Chunk             |     1 |     7 |     4 ||    12
       Royal jelly       |       |       |     1 ||     1
       Beef jerky        |       |       |     1 ||     1
       Pizza             |       |       |     1 ||     1
Armor: Skin              |    45 |    40 |    44 ||   129
Dodge: Dodged            |    67 |    65 |    85 ||   217
Block: Shield            |    72 |    77 |   148 ||   297
